 Dungeon Crawl Stone Soup version 0.31.0-9-g3a7656b989 (webtiles) character file.

Game seed: 11756409026389129896

113 qw the Shooter (level 4, -1/22 HPs)
             Began as a Spriggan Hunter on Feb 2, 2024.
             Killed by divine providence
             ... invoked by an orc priest
              (16 damage)
             ... on level 4 of the Dungeon.
             The game lasted 00:00:07 (1825 turns).

qw the Shooter (Spriggan Hunter)                    Turns: 1825, Time: 00:00:08

Health: -1/22      AC:  2    Str:  7    XL:     4   Next: 65%
Magic:  5/5        EV: 26    Int: 10    God:
Gold:   160        SH:  0    Dex: 26    Spells: 3/3 levels left

rFire   . . .        a - +0 shortbow
rCold   . . .        (shield currently unavailable)
rNeg    . . .        c - +0 robe
rPois   .            (helmet restricted)
rElec   .            (no cloak)
rCorr   .            (gloves unavailable)
SInv    +            (boots unavailable)
Will    .....        (no amulet)
Stlth   ++           h - +6 ring of dexterity
HPRegen 0.23/turn    b - +5 ring of evasion
MPRegen 0.09/turn

%: no passive effects
@: very quick
A: very small, no large weapons, unfitting armour, see invisible, speed 3
a: no special abilities


You were on level 4 of the Dungeon.
You visited 1 branch of the dungeon, and saw 4 of its levels.

You collected 160 gold pieces.


Innate Abilities, Weirdness & Mutations

You are very small and have problems with some larger weapons.
You are too small for most types of armour.
You have supernaturally acute eyesight. (SInv)
You cover ground extremely quickly. (Speed+++)


   Skills:
 - Level 1.5 Fighting
 - Level 5.1 Ranged Weapons
 + Level 5.0 Dodging
 - Level 1.5 Stealth


You had 3 spell levels left.
You didn't know any spells.
Your spell library was empty.

Inventory:

Hand Weapons
 a - a +0 shortbow (weapon)
Armour
 c - a +0 robe (worn)
Jewellery
 b - a +5 ring of evasion (right hand)
 h - a +6 ring of dexterity (left hand)
Scrolls
 f - a scroll of immolation {unknown}
 j - 2 scrolls of teleportation
Potions
 d - a potion of degeneration {unknown}
 e - a potion of might {unknown}
 i - 3 potions of curing

Dungeon Overview and Level Annotations

Branches:
Dungeon (4/15)
 Temple: D:4-7

Altars:

Shops:
D:1 [


Message History

The orc wizard hits you but does no damage.
You shoot an arrow. The arrow hits the orc wizard.
The orc wizard is lightly wounded.
The orc wizard gestures at you while chanting.
You are confused.
1817 ||| DRINKING 4 potions of curing.
You feel better.
1817 ||| (to cure confusion)
The orc wizard completely misses you.
You shoot an arrow. The arrow misses the orc wizard.
The arrow hits the orc priest but does no damage.
The orc wizard completely misses you.
You shoot an arrow.
The arrow hits the orc wizard but does no damage.
The orc wizard is lightly wounded.
You shoot an arrow. The arrow hits the orc wizard!
The orc wizard is severely wounded.
The orc priest invokes the aid of Beogh against you.
The orc wizard writhes in agony.
The orc wizard casts a spell at you. The magic dart hits you!
You shoot an arrow.
The arrow hits the orc wizard but does no damage.
The orc wizard is almost dead.
The orc wizard closely misses you.
You shoot an arrow. The arrow hits the orc wizard.
You kill the orc wizard!
The orc priest completely misses you.
Your Ranged Weapons skill increases to level 5!
You shoot an arrow. The arrow hits the orc priest.
The orc priest is heavily wounded.
The orc priest looks satisfied for a moment.
You shoot an arrow.
The arrow hits the orc priest but does no damage.
The orc priest is heavily wounded.
The orc priest hits you with a +0 club.
You shoot an arrow. The arrow barely misses the orc priest.
The orc priest calls down the wrath of Beogh upon you.
Beogh smites you!
Ouch! That really hurt!
You die...

#.......#
#.......# #
#.......# #
#. #.......#
.#.
#.<.....#
...
#.......#
#.##......##
#o#....%.#
#@###...#
##.######
#.# #.# ..#
..# ##


You could see an orc priest.

Vanquished Creatures
  An orc wizard (D:4)
  2 adders (D:3)
  A ribbon worm (D:3)
  2 dart slugs
  7 orcs
  3 ball pythons
  2 bats (D:3)
  6 endoplasms
  4 giant cockroaches
  4 goblins
  5 hobgoblins
  4 jackals (D:1)
  3 kobolds
  2 quokkas (D:1)
  A frilled lizard (D:3)
  3 rats
50 creatures vanquished.

Notes
Turn   | Place    | Note
-------+----------+-------------------------------------------
     0 | D:1      | qw the Spriggan Hunter began the quest for the Orb.
     0 | D:1      | Reached XP level 1. HP: 10/10 MP: 2/2
     0 | D:1      | 0 ||| qw: Version: 0.3-a-155-g5e7d8dd
     0 | D:1      | 0 ||| qw: Game counter: 1060
     0 | D:1      | 0 ||| qw: Melee chars always use a shield: true
     0 | D:1      | 0 ||| qw: God list: Okawaru
     0 | D:1      | 0 ||| qw: Allow faded altars: false
     0 | D:1      | 0 ||| qw: Do Orc after clearing Dungeon:15 true
     0 | D:1      | 0 ||| qw: Do second Lair branch before Depths: true
     0 | D:1      | 0 ||| qw: Lair rune preference: random
     0 | D:1      | 0 ||| qw: Goals: Normal
     0 | D:1      | 0 ||| PLANNING D:1-11
    81 | D:1      | Reached skill level 3 in Dodging
   105 | D:1      | Reached XP level 2. HP: 10/14 MP: 3/3
   130 | D:1      | Found Cuhoqef's Armour Shoppe.
   276 | D:1      | Found a faded altar of an unknown god.
   455 | D:1      | Reached XP level 3. HP: 18/18 MP: 4/4
   493 | D:1      | 493 ||| UPGRADING to +4 ring of protection.
   494 | D:1      | 494 ||| UPGRADING to +6 ring of strength.
   495 | D:1      | 495 ||| UPGRADING to +6 ring of dexterity.
   497 | D:1      | 497 ||| UPGRADING to +4 ring of protection.
   499 | D:1      | 499 ||| DROPPING +6 ring of strength.
   500 | D:1      | 500 ||| READING scroll labelled FYBIRHEOPN.
   601 | D:1      | 601 ||| READING 3 scrolls labelled SAERIC MUGG.
   601 | D:1      | 601 ||| IDENTIFYING scroll labelled RIGI RUDUUNG
   602 | D:1      | 602 ||| READING 2 scrolls of identify.
   602 | D:1      | 602 ||| IDENTIFYING 2 scrolls labelled QYCLIG NAPHI
   603 | D:1      | 603 ||| DROPPING scroll of butterflies.
   604 | D:1      | 604 ||| DROPPING scroll of poison.
  1126 | D:2      | 1126 ||| READING 4 scrolls of identify.
  1126 | D:2      | 1126 ||| IDENTIFYING glowing silvery potion
  1127 | D:2      | 1127 ||| READING 3 scrolls of identify.
  1127 | D:2      | 1127 ||| IDENTIFYING fuming silvery potion
  1128 | D:2      | 1128 ||| READING 2 scrolls of identify.
  1128 | D:2      | 1128 ||| IDENTIFYING scroll labelled IWKAYQU SAOTAR
  1129 | D:2      | 1129 ||| READING scroll of identify.
  1129 | D:2      | 1129 ||| IDENTIFYING 2 scrolls labelled SIXKUT HIENYBB
  1130 | D:2      | 1130 ||| READING 3 scrolls labelled SUUMPO QOINUH.
  1131 | D:2      | 1131 ||| DROPPING potion of brilliance.
  1132 | D:2      | 1132 ||| DROPPING 2 scrolls of fear.
  1133 | D:2      | 1133 ||| DROPPING scroll of amnesia.
  1134 | D:2      | 1134 ||| DROPPING 2 scrolls of fog.
  1175 | D:3      | Identified the +2 scale mail of the Guardian {rElec rF+
                  | Will+}
  1447 | D:3      | Reached XP level 4. HP: 22/22 MP: 5/5
  1770 | D:3      | 1770 ||| UPGRADING to +5 ring of evasion.
  1772 | D:3      | 1772 ||| DROPPING +4 ring of protection.
  1796 | D:4      | 1796 ||| STAIRDANCE
  1817 | D:4      | 1817 ||| DRINKING 4 potions of curing.
  1817 | D:4      | 1817 ||| (to cure confusion)
  1825 | D:4      | Killed from afar by an orc priest

Levels and vault maps discovered:
D:1:      minmay_arrival_widening_spiral_wide, layout_rooms,
          shapermc_ecumenical_altar_totnotflames, serial_shops, shop
D:2:      layout_loops_ring, dk_noncrumbling_3
D:3:      layout_loops_ring
D:4:      layout_cave_pods, temple_pool_b, kennysheep_generic_room_3

Skill      XL: |  1  2  3  4 |
---------------+-------------+-----
Dodging        | 3 4 5 |  5.0
Ranged Weapons | 5 |  5.1
Fighting       | |  1.5
Stealth        | |  1.5

Action                     |  1- 3 |  4- 6 || total
---------------------------+-------+-------++-------
   Fire: Shortbow          |   104 |    44 ||   148
    Use: Scroll            |     8 |       ||     8
         Potion            |       |     1 ||     1
 Armour: Robe              |    13 |     4 ||    17
  Dodge: Dodged            |    49 |    11 ||    60

Table legend:
 A = Non-vault XP
 B = Vault XP
 C = Vault XP percentage of total XP
 D = Non-vault monster count
 E = Vault monster count
 F = Vault count percentage of total count
                 A         B        C        D         E       F
            +---------+---------+-------+---------+---------+-------
      Total |     162 |       0 |   0.0 |      50 |       0 |   0.0
            +---------+---------+-------+---------+---------+-------
        D:1 |      42 |       0 |   0.0 |      22 |       0 |   0.0
        D:2 |      12 |       0 |   0.0 |       5 |       0 |   0.0
        D:3 |      65 |       0 |   0.0 |      19 |       0 |   0.0
        D:4 |      43 |       0 |   0.0 |       4 |       0 |   0.0
            +---------+---------+-------+---------+---------+-------
